 Dungeon Crawl Stone Soup version 0.28-a0-1159-g27aa881441 (webtiles) character file.

Game seed: 6699781650872867538

672 lessens the Carver (level 7, -3/51 HPs)
             Began as a Vampire Fighter on Dec 15, 2021.
             Killed by divine providence
             ... invoked by an orc priest
              (8 damage)
             ... on level 4 of the Dungeon.
             The game lasted 00:06:02 (3624 turns).

lessens the Carver (Vampire Fighter)                Turns: 3624, Time: 00:06:03

Health: -3/51      AC:  7    Str: 17    XL:     7   Next: 32%
Magic:  7/7        EV:  9    Int: 11    God:
Gold:   179        SH:  4    Dex: 13    Spells: 6/6 levels left

rFire   . . .      SeeInvis +   a - +0 long sword
rCold   . . .      Faith    .   c - +0 buckler
rNeg    . . .      Spirit   .   b - +0 scale mail
rPois   .          Reflect  .   (no helmet)
rElec   .          Harm     .   (no cloak)
rCorr   .          Rampage  .   g - +0 pair of gloves
Will    +....                   (no boots)
Stlth   ..........              (no amulet)
HPRegen 0.37/turn               q - ring of willpower
MPRegen 0.10/turn               (no ring)

@: healing quickly
A: alive, fangs 3, see invisible, vampiric 2
a: Exsanguinate


You were on level 4 of the Dungeon.
You visited 1 branch of the dungeon, and saw 4 of its levels.

You collected 179 gold pieces.

Inventory:

Hand Weapons
 a - a +0 long sword (weapon)
Missiles
 d - 4 poisoned darts (quivered)
 n - 3 stones
 s - 5 boomerangs
Armour
 b - a +0 scale mail (worn)
 c - a +0 buckler (worn)
 g - a +0 pair of gloves (worn)
 t - a +1 robe of positive energy
Jewellery
 q - a ring of willpower (left hand)
Scrolls
 e - 3 scrolls of enchant weapon {unknown}
 h - 3 scrolls of identify {unknown}
 i - a scroll of enchant armour {unknown}
 j - 2 scrolls of blinking {unknown}
 k - 2 scrolls of magic mapping {unknown}
 l - 3 scrolls of holy word {unknown}
 m - 2 scrolls of teleportation {unknown}
 o - a scroll of brand weapon {unknown}
 r - 2 scrolls of amnesia {unknown}
 u - a scroll of vulnerability {unknown}
Potions
 f - a potion of lignification
 p - a potion of cancellation
 v - a potion of mutation {unknown}


   Skills:
 - Level 2.6 Fighting
 + Level 8.3 Long Blades
 - Level 2.4 Armour
 - Level 2.6 Shields


You had 6 spell levels left.
You didn't know any spells.
Your spell library contained the following spells:

 Spells                   Type           Power      Damage    Failure   Level
 Foxfire                  Conj/Fire      0%         2x1d4     82%         1
 Summon Small Mammal      Summ           0%         N/A       82%         1
 Call Canine Familiar     Summ           0%         N/A       99%         3
 Conjure Flame            Conj/Fire      0%         6-21      99%         3
 Inner Flame              Hex/Fire       0%         N/A       99%         3
 Ozocubu's Armour         Ice            0%         N/A       99%         3
 Summon Guardian Golem    Hex/Summ       0%         N/A       99%         3
 Flame Wave               Conj/Fire      0%         2d4       100%        4
 Metabolic Englaciation   Hex/Ice        0%         N/A       100%        5
 Simulacrum               Ice/Necr       0%         N/A       100%        6


Dungeon Overview and Level Annotations

Branches:
Dungeon (4/15)
 Temple: D:4-7

Altars:


Innate Abilities, Weirdness & Mutations

Your natural rate of healing is accelerated.
You have razor-sharp teeth.
You have supernaturally acute eyesight. (SInv)
You are afflicted with vampirism and can become a bat while bloodless.


Message History

You barely miss the orc. The orc closely misses you. x2
You hit the orc priest.
The orc priest is moderately wounded.
The orc priest hits you but does no damage.
The orc hits you with a +0 whip. The orc hits you but does no damage.
You closely miss the orc priest.
The orc priest is moderately wounded.
The orc priest hits you but does no damage.
The orc hits you but does no damage. x2
You barely miss the orc priest.
The orc priest is moderately wounded.
The orc priest invokes the aid of Beogh against you.
Beogh smites you! The orc misses you. The orc closely misses you.
You slash the orc priest!
The orc priest is severely wounded.
The orc priest invokes the aid of Beogh against you.
Beogh smites you!
* * * LOW HITPOINT WARNING * * *
The orc hits you with a +0 whip.
* * * LOW HITPOINT WARNING * * *
You block the orc's attack.
You hit the orc priest.
The orc priest is almost dead.
The orc priest barely misses you. The orc closely misses you.
The orc hits you but does no damage.
It was a potion of lignification.
You turn into a tree.
Your +0 pair of gloves melds into your body.
Your +0 scale mail melds into your body.
Your roots penetrate the ground.
The orc priest hits you but does no damage.
The orc hits you but does no damage. x2
It was a potion of cancellation.
Your magical effects are unravelling.
You feel magically purged.
You feel less wooden.
Your +0 pair of gloves unmelds from your body.
Your +0 scale mail unmelds from your body.
The orc priest mumbles some strange prayers to Beogh against you.
Beogh smites you!
You die...

## ## #.##.######
#.........#
.........# ..o.....#
##ooo..# ##.@#
####...# #.#....+
###### ##.#....# #
#.##.###.......#
###.....###.....##
#................#
....................
..............##....


You could see an orc priest and 3 orcs.

Vanquished Creatures
  Sigmund (D:4)
  Eustachio (D:4)
  An ogre (D:4)
  A centaur skeleton (D:4)
  An iguana (D:4)
  5 adders
  11 gnolls
  4 worms (D:2)
  4 dart slugs
  6 orcs (D:3)
  4 endoplasms
  2 giant cockroaches
  5 goblins
  6 hobgoblins
  3 quokkas
  11 ball pythons
  5 bats
  4 frilled lizards
  8 kobolds
  6 rats
89 creatures vanquished.

Notes
Turn   | Place    | Note
-------+----------+-------------------------------------------
     0 | D:1      | lessens the Vampire Fighter began the quest for the Orb.
     0 | D:1      | Reached XP level 1. HP: 17/17 MP: 1/1
   200 | D:1      | Reached XP level 2. HP: 19/23 MP: 2/2
   387 | D:1      | Reached skill level 3 in Long Blades
  1123 | D:2      | Gained mutation: You are afflicted with vampirism and can
                  | become a bat while bloodless. [Vampire growth]
  1123 | D:2      | Reached XP level 3. HP: 14/22 MP: 3/3
  1456 | D:2      | Reached skill level 4 in Long Blades
  1591 | D:2      | Reached XP level 4. HP: 30/30 MP: 4/4
  1735 | D:2      | Found a faded altar of an unknown god.
  1978 | D:2      | Reached skill level 5 in Long Blades
  2159 | D:3      | Reached XP level 5. HP: 35/35 MP: 5/5
  2692 | D:3      | Reached skill level 6 in Long Blades
  3070 | D:4      | Noticed an ogre
  3160 | D:4      | Reached XP level 6. HP: 32/41 MP: 6/6
  3197 | D:4      | Noticed Sigmund
  3215 | D:4      | Killed Sigmund
  3216 | D:4      | Reached skill level 7 in Long Blades
  3257 | D:4      | Reached XP level 7. HP: 46/51 MP: 7/7
  3287 | D:4      | Noticed Eustachio
  3322 | D:4      | Killed Eustachio
  3323 | D:4      | Reached skill level 8 in Long Blades
  3500 | D:4      | Identified the +9 war axe of Ylyeskum {elec, rElec Int+2}
  3624 | D:4      | Killed from afar by an orc priest

Illustrated notes

Levels and vault maps discovered:
D:1:      shiori_arrival_oz, layout_loops_corners, item_on_display_a
D:2:      layout_rooms, shapermc_ecumenical_altar_notcrosses,
          kennysheep_cross_bottleneck
D:3:      minmay_wonky_spiral, layout_basic
D:4:      layout_cave_pools, eino_tiny_chamber, grunt_ministairs_13,
          minmay_goblin_kobold_house, uniq_menkaure, uniq_eustachio,
          uniq_sigmund

Skill      XL: |  1  2  3  4  5  6  7 |
---------------+----------------------+-----
Long Blades    | 3 4 5 6 7 8 |  8.3
Fighting       | |  2.6
Armour         | |  2.4
Shields        | |  2.6

Action                   |  1- 3 |  4- 6 |  7- 9 || total
-------------------------+-------+-------+-------++-------
Melee: Long sword        |    92 |   153 |    41 ||   286
       Bite              |     8 |    20 |     1 ||    29
Throw: Dart              |       |     2 |       ||     2
       Stone             |       |     1 |       ||     1
 Abil: Exsanguinate      |     2 |       |       ||     2
       Revivify          |     1 |       |       ||     1
  Use: Potion            |       |     1 |     2 ||     3
Armor: Scale mail        |    33 |    56 |    43 ||   132
       Skin              |       |       |     3 ||     3
Dodge: Dodged            |    42 |    81 |    47 ||   170
Block: Buckler           |    12 |    33 |    15 ||    60

Table legend: (Time is in decaauts)
 A = Elapsed time spent in this place.
 B = Non-inter-level travel time spent in this place.
 C = Inter-level travel time spent in this place.
 D = Time resting spent in this place.
 E = Time spent auto-exploring this place.
 F = Levels seen in this place.
 G = Mean time per level.
                   A        B        C        D        E       F      G
               +--------+--------+--------+--------+--------+-----+--------+
         Total |   3674 |   3508 |    166 |     55 |   2662 |   4 |  918.5 |
       Dungeon |   3674 |   3508 |    166 |     55 |   2662 |   4 |  918.5 |
               +--------+--------+--------+--------+--------+-----+--------+

Top non-repeatable levels by time:
     D:2: 1132 daAuts
     D:1: 1086 daAuts
     D:3: 921 daAuts
     D:4: 534 daAuts
